 Dungeon Crawl Stone Soup version 0.30-a0-722-g3e6e8c874d (webtiles) character file.

Game seed: 882151326956250965

10575 IdlyInterested the Slicer (level 11, -4/86 HPs)
             Began as a Demonspawn Monk on Jan 27, 2023.
             Slain by a shadow (5 damage)
             ... on level 11 of the Dungeon.
             The game lasted 00:47:16 (11687 turns).

IdlyInterested the Slicer (Demonspawn Monk)        Turns: 11687, Time: 00:47:17

Health: -4/86      AC: 25    Str: 22    XL:     11   Next: 38%
Magic:  2/2        EV: 11    Int: 14    God:
Gold:   188        SH:  4    Dex: 16    Spells: 10/10 levels left

rFire   + + +      SeeInvis .    j - +6 dagger "Ummus" {speed, rElec Will+}
rCold   . . .      Faith    .    (no shield)
rNeg    + . .      Spirit   .    J - +7 fire dragon scales of Untold Secrets {rPois rF++ rC-}
rPois   +          Reflect  .    Q - +1 helmet "Wemiupie" {Int+3}
rElec   +          Harm     .    B - +2 cloak
rCorr   .          Rampage  .    (gloves unavailable)
Will    +....                    F - +0 pair of boots
Stlth   +                        (no amulet)
HPRegen 0.34/turn                R - ring of Giruh {rF+ AC+4}
MPRegen 0.08/turn                P - ring "Woragg" {rN+ MP-9 Int+2 Slay+3}

@: mighty
A: claws 3, hooves 2, condensation shield, weakness stinger 2, cold resistance
1, strong 2, subdued magic 1
a: no special abilities


You were on level 11 of the Dungeon.
You visited 2 branches of the dungeon, and saw 12 of its levels.
You also visited: Sewer.

You collected 688 gold pieces.
You spent 500 gold pieces at shops.

Inventory:

Hand Weapons
 a - a +0 short sword of venom
 j - the +6 dagger "Ummus" (weapon) {speed, rElec Will+}
   (You found it on level 8 of the Dungeon)

   rElec:     It insulates you from electricity.
   Will:      It increases your willpower.
 n - the +5 short sword of the Wary Ships {elec, rCorr Str-2 Dex-4 Stlth+}
   (You found it on level 6 of the Dungeon)

   Str:       It affects your strength (-2).
   Dex:       It affects your dexterity (-4).
   rCorr:     It protects you from acid and corrosion.
   Stlth:     It makes you more stealthy.
 t - a +1 quick blade of draining
 O - a +0 rapier
Missiles
 b - 3 throwing nets
 d - 101 stones
 r - 23 poisoned darts (quivered)
 S - 2 boomerangs
Armour
 f - a +2 helmet
 p - an orb of light
 y - a +0 buckler
 B - a +2 cloak (worn)
 F - a +0 pair of boots (worn)
 H - an orb of wrath
 J - the +7 fire dragon scales of Untold Secrets (worn) {rPois rF++ rC-}
   (You found it on level 6 of the Dungeon)

   rF:        It greatly protects you from fire.
   rC:        It makes you vulnerable to cold.
   rPois:     It protects you from poison.
 Q - the +1 helmet "Wemiupie" (worn) {Int+3}
   (You found it on level 10 of the Dungeon)

   Int:       It affects your intelligence (+3).
Jewellery
 E - an amulet of faith
 P - the ring "Woragg" (right claw) {rN+ MP-9 Int+2 Slay+3}
   (You acquired it on level 7 of the Dungeon)

   [ring of positive energy]

   Int:       It affects your intelligence (+2).
   Slay:      It affects your accuracy & damage with ranged weapons and melee
   (+3).
   rN:        It protects you from negative energy.
   MP:        It affects your magic capacity (-9).
 R - the ring of Giruh (left claw) {rF+ AC+4}
   (You bought it in a shop on level 2 of the Dungeon)

   [ring of protection]

   AC:        It affects your AC (+4).
   rF:        It protects you from fire.
Wands
 g - a wand of light (19)
 D - a wand of flame (23)
Scrolls
 e - 3 scrolls of immolation
 l - 3 scrolls of magic mapping
 s - a scroll of summoning
 u - 2 scrolls of enchant armour
 x - 6 scrolls of fog
 A - 3 scrolls of teleportation
 G - 2 scrolls of blinking
 K - 5 scrolls of torment
 L - 2 scrolls of fear
 N - 2 scrolls of brand weapon
 T - 3 scrolls of identify
Potions
 c - a potion of ambrosia
 h - a potion of resistance
 i - 5 potions of brilliance
 k - 3 potions of flight
 m - 8 potions of curing
 o - 4 potions of might
 v - 2 potions of lignification
 w - a potion of haste
 z - 2 potions of mutation
 C - a potion of cancellation
 I - 2 potions of attraction


   Skills:
 - Level 8.0 Fighting
 * Level 10.1 Short Blades
 - Level 2.0 Throwing
 - Level 2.0 Armour
 - Level 4.0 Dodging
 + Level 4.5 Stealth
 - Level 10.0 Unarmed Combat
 - Level 2.0 Evocations


You had 10 spell levels left.
You didn't know any spells.
Your spell library contained the following spells:

 Spells                   Type           Power      Damage    Failure   Level
 Sandblast                Erth           0%         2d4       63%         1
 Shock                    Conj/Air       0%         1d3       63%         1
 Ensorcelled Hibernation  Hex/Ice        0%         N/A       77%         2
 Passwall                 Tmut/Erth      0%         N/A       77%         2
 Scorch                   Fire           0%         2d5       77%         2
 Static Discharge         Conj/Air       0%         2-2/arc   77%         2
 Call Canine Familiar     Summ           0%         N/A       94%         3
 Dazzling Flash           Conj/Hex       0%         N/A       94%         3
 Portal Projectile        Hex/Tloc       0%         N/A       94%         3
 Stone Arrow              Conj/Erth      0%         3d7       94%         3
 Swiftness                Air            0%         N/A       94%         3
 Tukima's Dance           Hex            0%         N/A       94%         3
 Vhi's Electric Charge    Tloc/Air       0%         N/A       94%         3
 Airstrike                Air            0%         2d(0-16)  100%        4
 Anguish                  Hex/Necr       0%         N/A       100%        4
 Flame Wave               Conj/Fire      0%         2d4       100%        4
 Leda's Liquefaction      Hex/Erth       0%         N/A       100%        4
 Passage of Golubria      Tloc           0%         N/A       100%        4
 Petrify                  Tmut/Erth      0%         N/A       100%        4
 Agony                    Necr           0%         N/A       100%        5
 Arcjolt                  Conj/Air       0%         1d10      100%        5
 Lee's Rapid Deconstruct  Erth           0%         3d4*      100%        5
 Lightning Bolt           Conj/Air       0%         1d11      100%        5
 Metabolic Englaciation   Hex/Ice        0%         N/A       100%        5
 Silence                  Hex/Air        0%         N/A       100%        5
 Yara's Violent Unravell  Hex/Tmut       0%         3d3       100%        5
 Statue Form              Tmut/Erth      0%         N/A       100%        6
 Summon Cactus Giant      Summ           0%         N/A       100%        6
 Enfeeble                 Hex            0%         N/A       100%        7


Dungeon Overview and Level Annotations

Branches:
Dungeon (11/15)            Temple (1/1) D:4            Lair (0/5) D:9
  Sewer (visited)
    Orc: D:9-12

Altars:
Ashenzari
Cheibriados
Dithmenos
Fedhas
Gozag
Hepliaklqana
Kikubaaqudgha
Makhleb
Nemelex Xobeh
Okawaru
Qazlal
Ru
Sif Muna
Trog
Uskayaw
Vehumet
Wu Jian
Xom
Yredelemnul

Shops:
D:2 =


Innate Abilities, Weirdness & Mutations

You have claws for hands.
You have hoof-like feet.
A meltable shield of frost defends you. (SH +4)
You have a tail ending in a sharp stinger.
Your flesh is cold resistant. (rC+)
Your muscles are very strong. (Str +8, Int/Dex -2)
Your spells are a little easier to cast, but a little less powerful.


Message History

The kobold brigand hits you but does no damage.
You hit the boulder beetle.
The boulder beetle is severely wounded.
You hit the boulder beetle. You tail-slap the boulder beetle!
The boulder beetle is almost dead.
The boulder beetle leaps!
The shadow slips into darkness.
The shadow flickers and vanishes!
Deactivating autopickup; reactivate with Ctrl-A.
You puncture the gnoll!
The gnoll is heavily wounded.
The gnoll hits you but does no damage. The gnoll barely misses you.
The kobold hits you but does no damage.
The gnoll sergeant hits you but does no damage.
The kobold brigand closely misses you.
You puncture the gnoll!
You kill the gnoll!
The boulder beetle curls into a ball and begins rolling!
You impale the kobold!!
You kill the kobold!
The shadow strikes at you from the darkness!
* * * LOW HITPOINT WARNING * * *
Reactivating autopickup.
You block the gnoll's attack.
The gnoll sergeant hits you but does no damage.
The kobold brigand hits you but does no damage.
You puncture the kobold brigand!
The kobold brigand is severely wounded.
You puncture the kobold brigand!
You kill the kobold brigand!
The shadow hits you.
* * * LOW HITPOINT WARNING * * *
Okay, then.
You feel yourself speed up.
The gnoll sergeant hits you but does no damage.
You block the gnoll's attack. The boulder beetle hits you!
* * * LOW HITPOINT WARNING * * *
The boulder beetle stops rolling and uncurls.
The shadow hits you.
You die...

...#......#...###
.................
.................
.................
..#..........$.#.
.......<........#
................#
........B.).....#
.......○W@)......
..>...°.gg.......
.................
.................
...........)....#
.............###
.............#
.............#


You could see a boulder beetle, a gnoll sergeant, a shadow and a gnoll.

Vanquished Creatures
  2 two-headed ogres
  Pikel (D:7)
  A cyclops (D:9)
  An elephant (D:9)
  The ghost of hikkokomori the Cudgeller, a novice VSFi (D:6)
  2 unseen horrors (D:10)
  A kobold demonologist (D:9)
  Psyche (D:10)
  A komodo dragon (D:10)
  A tengu conjurer (D:10)
  Prince Ribbit (D:7)
  Sigmund (D:2)
  A wraith (D:10)
  5 yaks
  2 vampires
  A wyvern (D:9)
  2 basilisks (D:9)
  4 steam dragons
  Edmund (D:4)
  A sky beast (D:7)
  An ice beast (D:7)
  An orc warrior (D:10)
  6 black bears
  4 ogres
  4 centaurs
  3 kobold brigands
  2 phantoms
  3 bullfrogs
  A gnoll sergeant (D:8)
  4 scorpions
  8 wights
  6 killer bees (D:7)
  An iron imp (D:5)
  A jelly (D:5)
  Crazy Yiuf (D:4)
  2 orc priests
  A hound (D:5)
  Jessica (D:2)
  3 iguanas (D:5)
  5 orc wizards
  Robin (D:4)
  9 gnolls
  11 adders
  8 river rats
  3 ufetubi
  2 worms
  A dart slug (D:2)
  14 orcs
  5 bats
  9 endoplasms
  3 giant cockroaches
  18 goblins
  6 hobgoblins
  3 jackals (D:2)
  7 quokkas
  11 ball pythons
  6 frilled lizards
  40 kobolds
  26 rats
  A bush (D:4)
273 creatures vanquished.

Vanquished Creatures (others)
  A hound (D:7)
  An orc wizard (D:4)
  2 gnolls (D:11)
  2 kobolds (D:7)
  4 fungi (D:4)
10 creatures vanquished.

Grand Total: 283 creatures vanquished

Notes
Turn   | Place    | Note
-------+----------+-------------------------------------------
     0 | D:1      | IdlyInterested the Demonspawn Monk began the quest for the
                  | Orb.
     0 | D:1      | Reached XP level 1. HP: 18/18 MP: 1/1
   153 | D:1      | Discovered your monstrous ancestry.
   153 | D:1      | Gained mutation: You have large cloven feet. [demonic
                  | ancestry]
   153 | D:1      | Reached XP level 2. HP: 7/24 MP: 2/2
   387 | D:1      | Found a faded altar of an unknown god.
   793 | D:2      | Gained mutation: A meltable shield of frost defends you.
                  | (SH +4) [demonic ancestry]
   793 | D:2      | Reached XP level 3. HP: 29/29 MP: 3/3
   852 | D:2      | Noticed Jessica
   867 | D:2      | Killed Jessica
  1384 | D:2      | Gained mutation: You have a small tail. [demonic ancestry]
  1384 | D:2      | Reached XP level 4. HP: 35/35 MP: 4/4
  1446 | D:2      | Found Avoduehuxu's Jewellery Shop.
  1607 | D:2      | Noticed Sigmund
  1617 | D:2      | Killed Sigmund
  1618 | D:2      | Reached skill level 5 in Short Blades
  1618 | D:2      | Reached XP level 5. HP: 19/41 MP: 5/5
  2002 | D:3      | Noticed an ogre
  2008 | D:3      | Killed an ogre
  2009 | D:3      | Gained mutation: You have sharp fingernails. [demonic
                  | ancestry]
  2009 | D:3      | Reached XP level 6. HP: 26/47 MP: 6/6
  2206 | D:3      | Found an opulent altar of Gozag.
  2282 | D:3      | Found a sacrificial altar of Ru.
  2304 | D:3      | Found an iron altar of Okawaru.
  3036 | D:4      | Noticed Edmund
  3054 | D:4      | Killed Edmund
  3203 | D:4      | Gained mutation: You have very sharp fingernails. [demonic
                  | ancestry]
  3203 | D:4      | Reached XP level 7. HP: 51/53 MP: 7/7
  3433 | D:4      | Noticed Robin
  3455 | D:4      | Killed Robin
  3580 | D:4      | Found a staircase to the Ecumenical Temple.
  3593 | D:4      | Found a bloodstained altar of Trog.
  3606 | D:4      | Reached skill level 1 in Unarmed Combat
  3632 | Temple   | Entered the Ecumenical Temple
  4208 | D:4      | Found a runed translucent door.
  4209 | D:4      | Noticed Crazy Yiuf
  4220 | D:4      | Killed Crazy Yiuf
  4286 | D:5      | Entered Level 5 of the Dungeon
  4439 | D:5      | Found a glowing drain.
  4454 | Sewer    | Entered a sewer
  4745 | Sewer    | Reached skill level 1 in Evocations
  5205 | D:5      | Found a snail-covered altar of Cheibriados.
  5215 | D:5      | Gained mutation: You have a tail ending in a sharp stinger.
                  | [demonic ancestry]
  5215 | D:5      | Reached XP level 8. HP: 50/60 MP: 8/8
  5316 | D:5      | Found a basalt altar of Yredelemnul.
  5520 | D:5      | Reached skill level 1 in Throwing
  5691 | D:5      | Found a sparkling altar of Nemelex Xobeh.
  5905 | D:5      | Reached skill level 1 in Armour
  6251 | D:6      | Identified the +7 fire dragon scales of Untold Secrets
                  | {rPois rF++ rC-}
  6358 | D:5      | Gained mutation: Your spells are a little easier to cast,
                  | but a little less powerful. [potion of mutation]
  6358 | D:5      | Gained mutation: Your muscles are strong. (Str +4, Int/Dex
                  | -1) [potion of mutation]
  6358 | D:5      | Gained mutation: Your flesh is cold resistant. (rC+)
                  | [potion of mutation]
  6358 | D:5      | Gained mutation: Your muscles are very strong. (Str +8,
                  | Int/Dex -2) [potion of mutation]
  6387 | D:6      | Found a shimmering blue altar of Sif Muna.
  6600 | D:6      | Found a runed translucent door.
  6633 | D:6      | Gained mutation: You have claws for hands. [demonic
                  | ancestry]
  6633 | D:6      | Reached XP level 9. HP: 65/65 MP: 9/9
  6727 | D:6      | Identified the +5 short sword of the Wary Ships {elec,
                  | rCorr Str-2 Dex-4 Stlth+}
  6761 | D:6      | Noticed hikkokomori's ghost (novice VSFi)
  7140 | D:6      | Killed hikkokomori's ghost
  7141 | D:6      | Reached skill level 10 in Short Blades
  7420 | D:7      | Noticed Pikel
  7420 | D:7      | Noticed a two-headed ogre
  7424 | D:7      | Noticed Prince Ribbit
  7449 | D:7      | Killed Pikel
  7469 | D:7      | Killed a two-headed ogre
  7470 | D:7      | Reached skill level 5 in Fighting
  7470 | D:7      | Reached skill level 5 in Unarmed Combat
  7470 | D:7      | Gained mutation: You have hoof-like feet. [demonic
                  | ancestry]
  7470 | D:7      | Reached XP level 10. HP: 64/74 MP: 10/10
  7489 | D:7      | Killed Prince Ribbit
  7634 | D:7      | Identified 2 scrolls of acquirement
  7634 | D:7      | Acquired the ring "Woragg" {rN+ MP-9 Int+2 Slay+3}
  7638 | D:7      | Acquired a +1 quick blade of draining
  8479 | D:2      | Bought the ring of Giruh {rF+ AC+4} for 500 gold pieces
  8893 | D:8      | Identified the +6 dagger "Ummus" {speed, rElec Will+}
  9235 | D:9      | Noticed a cyclops
  9250 | D:9      | Killed a cyclops
  9496 | D:9      | Found a stormy altar of Qazlal.
  9718 | D:9      | Found a staircase to the Lair.
  9718 | D:9      | Noticed an elephant
  9750 | D:9      | Killed an elephant
 10187 | D:10     | Entered Level 10 of the Dungeon
 10360 | D:10     | Reached XP level 11. HP: 75/84 MP: 2/11
 10553 | D:10     | Identified the +1 helmet "Wemiupie" {Int+3}
 10896 | D:10     | Noticed a two-headed ogre
 10919 | D:10     | Killed a two-headed ogre
 11092 | D:10     | Reached skill level 10 in Unarmed Combat
 11222 | D:10     | Noticed Psyche
 11236 | D:10     | Killed Psyche
 11652 | D:11     | Noticed a boulder beetle
 11687 | D:11     | HP: 1/86 [boulder beetle (15)]
 11687 | D:11     | Slain by a shadow

Illustrated notes

Levels and vault maps discovered:
D:1:      zaba_arrival_water, layout_loops_ring,
          ebering_ecumenical_altar_abandoned, hangedman_decor_growths
D:2:      layout_basic, serial_shops, nicolae_lakefront_shop,
          serial_bayou_pond_b, uniq_sigmund, uniq_jessica
D:3:      layout_basic, lemuel_round_altar, lemuel_round_altar, tso_altar,
          mainiacjoe_overflow_chevrons
D:4:      layout_cave_pools, trog_ov_bears_minmay,
          minmay_temple_entry_overgrown, uniq_edmund, uniq_crazy_yiuf_cottage,
          uniq_robin
D:5:      layout_loops_ring, nemelex_dance_club_becter, kennysheep_ying_yang,
          chei_slow_surprise, gup_sewer_entry_bubbles, st_stairs_11,
          minmay_circle_x
D:6:      layout_loops_cross, mainiacjoe_overflow_paths,
          ebering_ghost_reflecting_pool
D:7:      layout_cave_pools, uniq_pikel, uniq_prince_ribbit1
D:8:      layout_layer_cave, solitary_fountain
D:9:      layout_loops_cross, nicolae_qazlal_scattered_showers,
          david_lair_generic
D:10:     kennysheep_six_static_rooms, layout_grid_maze, uniq_psyche
D:11:     layout_cross, kennysheep_generic_room_4
Temple:   bh_familiar_temple

Skill      XL: |  1  2  3  4  5  6  7  8  9 10 11 |
---------------+----------------------------------+-----
Stealth        | 2 4 |  4.5
Short Blades   | 3 4 5 6 7 9 10 | 10.1
Dodging        | 3 4 |  4.0
Fighting       | 4 5 7 8 |  8.0
Unarmed Combat | 2 5 8 10 | 10.0
Evocations     | 1 2 |  2.0
Throwing       | 2 |  2.0
Armour         | 2 |  2.0

Action                     |  1- 3 |  4- 6 |  7- 9 | 10-12 || total
---------------------------+-------+-------+-------+-------++-------
  Melee: Short sword       |    87 |    80 |   480 |   127 ||   774
         Kick              |    18 |    31 |   142 |       ||   191
         Punch             |     1 |     1 |    12 |    24 ||    38
         Tailslap          |       |    14 |    94 |    61 ||   169
         Dagger            |       |       |    40 |   273 ||   313
  Throw: Stone             |     3 |     2 |     5 |     1 ||    11
         Dart              |       |       |       |     9 ||     9
  Evoke: Wand              |       |     1 |     1 |     2 ||     4
    Use: Scroll            |     6 |     2 |     8 |    11 ||    27
         Potion            |     1 |     4 |     3 |     4 ||    12
   Stab: Distracted        |     1 |       |     1 |       ||     2
         Sleeping          |     2 |     3 |     4 |     4 ||    13
         Invisible         |       |     2 |     4 |     2 ||     8
 Armour: Robe              |    11 |    31 |    85 |       ||   127
         Leather armour    |     1 |       |       |       ||     1
         Fire dragon scale |       |       |    40 |   155 ||   195
         Skin              |       |       |       |     1 ||     1
  Dodge: Dodged            |    51 |    47 |   197 |   107 ||   402
  Block: Other             |     4 |     4 |    64 |    41 ||   113

Table legend: (Time is in decaauts)
 A = Elapsed time spent in this place.
 B = Non-inter-level travel time spent in this place.
 C = Inter-level travel time spent in this place.
 D = Time resting spent in this place.
 E = Time spent auto-exploring this place.
 F = Levels seen in this place.
 G = Mean time per level.
                   A        B        C        D        E       F      G
               +--------+--------+--------+--------+--------+-----+--------+
         Total |  11262 |   9684 |   1578 |   1324 |   5734 |  13 |  866.3 |
       Dungeon |  10430 |   8871 |   1559 |   1269 |   5246 |  11 |  948.2 |
        Temple |    212 |    193 |     19 |      0 |    189 |   1 |  212.0 |
         Sewer |    618 |    618 |      0 |     55 |    298 |   1 |  618.0 |
               +--------+--------+--------+--------+--------+-----+--------+

Top non-repeatable levels by time:
     D:5: 1342 daAuts
     D:2: 1224 daAuts
    D:10: 1190 daAuts
     D:4: 1062 daAuts
     D:9: 1049 daAuts
     D:3: 1034 daAuts
     D:6: 1016 daAuts
     D:1: 920 daAuts
     D:8: 784 daAuts
     D:7: 782 daAuts
   Sewer: 618 daAuts
  Temple: 212 daAuts
    D:11: 22 daAuts
